 Dungeon Crawl Stone Soup version 0.28-a0-697-g47f3eba078 (webtiles) character file.

Game seed: 8234004354063069275

23317 pokeman the Eclecticist (level 12, -46/66 HPs)
             Began as a Deep Elf Hedge Wizard on Oct 22, 2021.
             Was an Elder of Vehumet.
             Annihilated by a very large slime creature (49 damage)
             ... on level 12 of the Dungeon on Oct 23, 2021.
             The game lasted 00:45:16 (14868 turns).

pokeman the Eclecticist (Deep Elf Hedge Wizard)    Turns: 14868, Time: 00:45:16

Health: -46/66     AC: 10    Str:  7    XL:     12   Next: 70%
Magic:  29/53      EV: 12    Int: 31    God:    Vehumet [****..]
Gold:   751        SH:  7    Dex: 17    Spells: 20/46 levels left

rFire   . . .      SeeInvis .   R - +7 mace of Saltpetre {spect, rElec MP+9}
rCold   + . .      Faith    .   h - +2 buckler {rC+}
rNeg    . . .      Spirit   .   d - +0 troll leather armour
rPois   .          Reflect  .   F - +1 helmet
rElec   +          Harm     .   n - +0 cloak
rCorr   .          Rampage  .   W - +0 pair of gloves
Will    +....                   w - +0 pair of boots
Stlth   ++........              N - amulet "Bydafirgh" {RegenMP Dex+3}
HPRegen 1.21/turn               t - +6 ring of intelligence
MPRegen 0.58/turn               A - ring of magical power

@: very slightly contaminated, slowed, very slow
A: no striking features
a: Renounce Religion


You were on level 12 of the Dungeon.
You worshipped Vehumet.
Vehumet was greatly pleased with you.
You visited 2 branches of the dungeon, and saw 15 of its levels.
You also visited: Ice Cave.

You collected 751 gold pieces.

Inventory:

Hand Weapons
 c - the +5 spear "Desaan" {vorpal, Drain Fragile rC+++ Int+3}
   (You found it on level 6 of the Dungeon)

   It inflicts extra damage upon your enemies.
   Int:       It affects your intelligence (+3).
   rC:        It renders you almost immune to cold.
   Drain:     It drains your maximum health when unequipped.
   Fragile:   It will be destroyed if unequipped.
 P - the +9 shortbow of Agony {freeze, rN+}
   (You found it on level 9 of the Dungeon)

   Any ammunition fired from it freezes those it strikes, dealing additional
   cold damage.
   It can also slow down cold-blooded creatures.
   rN:        It protects you from negative energy.
 R - the +7 mace of Saltpetre (weapon) {spect, rElec MP+9}
   (You found it on level 8 of the Dungeon)

   When its wielder attacks, the weapon's spirit leaps out and strikes again.
   The spirit shares a part of any damage it takes with its wielder.
   rElec:     It insulates you from electricity.
   MP:        It affects your magic capacity (+9).
Missiles
 s - 281 arrows
Armour
 d - a +0 troll leather armour (worn)
 h - a +2 buckler of cold resistance (worn)
 n - a +0 cloak (worn)
 w - a +0 pair of boots (worn)
 B - a +2 leather armour of willpower
 F - a +1 helmet (worn)
 W - a +0 pair of gloves (worn)
Jewellery
 k - a +4 ring of slaying
 t - a +6 ring of intelligence (left hand)
 A - a ring of magical power (right hand)
 N - the amulet "Bydafirgh" (around neck) {RegenMP Dex+3}
   (You took it off a centaur on level 7 of the Dungeon)

   [amulet of magic regeneration]

   It increases your rate of magic regeneration.
   Dex:       It affects your dexterity (+3).
 O - a ring of poison resistance
 X - a ring of fire
 Y - a ring of protection from fire
Wands
 f - a wand of flame (16)
 g - a wand of polymorph (9)
Scrolls
 a - 4 scrolls of teleportation
 j - a scroll of enchant armour {unknown}
 m - a scroll of enchant weapon
 p - 3 scrolls of silence {unknown}
 r - a scroll of amnesia
 y - a scroll of holy word {unknown}
 C - a scroll of fog {unknown}
 E - 3 scrolls of immolation {unknown}
 H - a scroll of blinking {unknown}
 T - a scroll of acquirement {unknown}
 U - a scroll of summoning {unknown}
Potions
 b - 2 potions of haste
 e - 2 potions of curing
 i - 2 potions of degeneration {unknown}
 l - 2 potions of might {unknown}
 o - a potion of attraction {unknown}
 q - 2 potions of magic {unknown}
 u - 3 potions of ambrosia {unknown}
 v - 2 potions of experience {unknown}
 z - 4 potions of heal wounds
 K - a potion of resistance {unknown}


   Skills:
 - Level 4.0 Fighting
 + Level 4.4 Armour
 - Level 3.2 Dodging
 - Level 3.0 Stealth
 - Level 4.0 Shields
 * Level 17.6 Spellcasting
 + Level 10.5 Conjurations
 - Level 1.1 Summonings
 - Level 1.1 Necromancy
 - Level 1.1 Translocations
 + Level 9.8 Fire Magic
 - Level 1.0 Ice Magic
 - Level 1.1 Air Magic
 - Level 4.2 Earth Magic
 - Level 2.0 Poison Magic
 - Level 2.1 Evocations


You had 20 spell levels left.
You knew the following spells:

 Your Spells              Type           Power      Damage    Failure   Level
a - Magic Dart            Conj           100%       1d8       1%          1
b - Mephitic Cloud        Conj/Pois/Air  53%        N/A       1%          3
c - Call Imp              Summ           34%        N/A       1%          2
d - Blink                 Tloc           N/A        N/A       1%          2
e - Conjure Flame         Conj/Fire      74%        6-21      1%          3
f - Foxfire               Conj/Fire      100%       2x1d9     1%          1
g - Stone Arrow           Conj/Erth      100%       3d13      1%          3
h - Starburst             Conj/Fire      37%        6d11      1%          6
i - Freezing Cloud        Conj/Ice/Air   26%        6-21      3%          5

Your spell library contained the following spells:

 Spells                   Type           Power      Damage    Failure   Level
 Sticky Flame             Conj/Fire      74%        2d9       1%          4
 Dazzling Flash           Conj/Hex       100%       N/A       1%          3
 Iskenderun's Mystic Bla  Conj/Tloc      59%        2d12      1%          4
 Ensorcelled Hibernation  Hex/Ice        60%        N/A       2%          2
 Slow                     Hex            27%        N/A       3%          2
 Call Canine Familiar     Summ           34%        N/A       4%          3
 Portal Projectile        Hex/Tloc       60%        N/A       4%          3
 Spider Form              Tmut/Pois      16%        N/A       4%          3
 Leda's Liquefaction      Hex/Erth       20%        N/A       9%          4
 Passage of Golubria      Tloc           34%        N/A       13%         4
 Silence                  Hex/Air        15%        N/A       43%         5
 Lehudib's Crystal Spear  Conj/Erth      32%        10d8      82%         8
 Simulacrum               Ice/Necr       16%        N/A       91%         6
 Borgnjor's Revivificati  Necr           17%        N/A       100%        8
 Necromutation            Tmut/Necr      15%        N/A       100%        8
 Death's Door             Necr           17%        N/A       100%        9
 Polar Vortex             Ice            16%        N/A       100%        9


Dungeon Overview and Level Annotations

Branches:
Dungeon (14/15)            Temple (1/1) D:4            Lair (0/6) D:8
    Orc (0/2) D:11          IceCv (visited)
 Vaults: D:13-14

Altars:
Cheibriados
Elyvilon
Gozag
Hepliaklqana
Kikubaaqudgha
Makhleb
Nemelex Xobeh
Qazlal
Sif Muna
Trog
Vehumet
Xom
Yredelemnul
Beogh


Message History

The very large slime creature is heavily wounded.
The bolt of fire misses the meliai zombie.
The meliai zombie hits you but does no damage.
The meliai zombie completely misses you.
The meliai zombie barely misses you. x2; You block the wraith's attack.
The meliai zombie hits you.
The meliai zombie hits you but does no damage.
The wraith hits you! The wraith drains your vigour!
You feel as though you will be slow longer.
Casting: Starburst (dangerous; 1% risk of failure)
Confirm with . or Enter, or press ? or * to list all spells.
Casting: Starburst (dangerous; 1% risk of failure)
Press: ? - help, Dir - look around, f - activate The bolt of fire hits the meliai zombie!!
The meliai zombie is heavily damaged.
The bolt of fire hits the wraith!!
You destroy the wraith!
Vehumet accepts your kill.
The bolt of fire hits the very large slime creature!!
The very large slime creature is severely wounded.
The meliai zombie hits you but does no damage. x2
The meliai zombie closely misses you. The meliai zombie hits you!
The meliai zombie hits you. You block the meliai zombie's attack.
Unknown command.
Casting: Starburst (dangerous; 1% risk of failure)
Confirm with . or Enter, or press ? or * to list all spells.
Casting: Starburst (dangerous; 1% risk of failure)
Press: ? - help, Dir - look around, f - activate The bolt of fire hits the meliai zombie!!
The meliai zombie is almost destroyed.
The bolt of fire hits the very large slime creature!!!
The very large slime creature is almost dead.
The meliai zombie misses you. The meliai zombie hits you.
The very large slime creature hits you!!
* * * LOW HITPOINT WARNING * * *
The meliai zombie misses you. The meliai zombie hits you!
* * * LOW HITPOINT WARNING * * *
The very large slime creature hits you!!!
Ouch! That really hurt!
You die...

#### #.. ####.#
....######
#........
####>.###### ###
#.......J@.#
#...##.#######Z.#
#..cc(.# #..#
#...##.# #..# ##.
#)# #..# # #.#
#... #.# #....
#.# #..## #..


You could see a very large slime creature and a meliai zombie.

Vanquished Creatures
  A frost giant (IceCv)
  2 hydras
  A boulder beetle (D:11)
  A centaur warrior (D:14)
  A two-headed ogre (D:9)
  5 death yaks (IceCv)
  An orc knight (D:11)
  6 ugly things
  A cyclops (D:14)
  3 gargoyles
  An ice statue (IceCv)
  A komodo dragon (D:11)
  8 rime drakes
  2 trolls
  5 polar bears (IceCv)
  A hornet (D:8)
  Grinder (D:5)
  A slime creature (D:12)
  4 wraiths
  Sigmund (D:4)
  A shadow (D:10)
  Eustachio (D:5)
  13 yaks
  An acid dragon (D:11)
  Edmund (D:5)
  6 orc warriors
  2 black bears (D:6)
  2 ice beasts (D:5)
  3 ogres
  6 wolves (IceCv)
  6 centaurs
  4 kobold brigands
  3 bullfrogs
  2 gnoll sergeants
  2 scorpions (D:5)
  A wyvern skeleton (D:6)
  5 killer bees (D:9)
  5 wights (D:8)
  An electric eel (D:7)
  6 howler monkeys
  3 centaur zombies
  10 orc priests
  3 hounds
  3 bullfrog skeletons
  3 jellies
  6 orc wizards
  A hound skeleton (D:4)
  A howler monkey zombie (D:9)
  16 gnolls
  5 adders
  A white imp (D:8)
  4 ufetubi
  An adder skeleton (D:4)
  A worm (D:4)
  3 dart slugs
  37 orcs
  4 endoplasms
  3 giant cockroaches
  12 goblins
  6 hobgoblins
  3 iguanas
  27 kobolds
  2 quokkas
  9 ball pythons
  2 bats (D:1)
  5 frilled lizards
  3 rats (D:2)
292 creatures vanquished.

Vanquished Creatures (collateral kills)
  A killer bee (D:9)
  2 gnolls (D:4)
  A quokka (D:4)
4 creatures vanquished.

Vanquished Creatures (others)
  315 foxfires
  2 withered plants (D:12)
317 creatures vanquished.

Grand Total: 613 creatures vanquished

Notes
Turn   | Place    | Note
-------+----------+-------------------------------------------
     0 | D:1      | pokeman the Deep Elf Hedge Wizard began the quest for the
                  | Orb.
     0 | D:1      | Reached XP level 1. HP: 10/10 MP: 7/7
   263 | D:1      | Reached XP level 2. HP: 16/16 MP: 4/9
   789 | D:1      | Reached skill level 5 in Spellcasting
  1216 | D:2      | Reached XP level 3. HP: 20/20 MP: 9/11
  1220 | D:2      | Learned a level 3 spell: Mephitic Cloud
  1223 | D:2      | Learned a level 2 spell: Call Imp
  1226 | D:2      | Learned a level 2 spell: Blink
  1230 | D:2      | Learned a level 3 spell: Conjure Flame
  1317 | D:2      | You fall into a shaft and drop 2 floors!
  1346 | D:4      | Reached skill level 1 in Fighting
  1354 | D:4      | HP: 1/20 [gnoll (2)]
  1441 | D:4      | HP: 1/20 [quokka (3)]
  1445 | D:4      | Reached skill level 1 in Armour
  1908 | D:4      | Identified the +0 ring mail "Lomomirab" {rElec}
  2036 | D:4      | Reached XP level 4. HP: 25/25 MP: 7/13
  2596 | D:3      | Found a faded altar of an unknown god.
  2966 | D:2      | Reached skill level 1 in Fire Magic
  4275 | D:4      | Noticed an ogre
  4280 | D:4      | Noticed an ogre
  4385 | D:4      | Killed an ogre
  4386 | D:4      | Reached skill level 6 in Spellcasting
  4386 | D:4      | Reached skill level 1 in Air Magic
  4386 | D:4      | Reached XP level 5. HP: 27/29 MP: 2/15
  4496 | D:4      | Killed an ogre
  4497 | D:4      | Reached skill level 1 in Necromancy
  4497 | D:4      | Reached XP level 6. HP: 12/34 MP: 3/17
  4755 | D:4      | Identified the +6 whip "Deles" {vorpal, rPois}
  4779 | D:4      | Reached skill level 7 in Spellcasting
  5028 | D:4      | Noticed Sigmund
  5045 | D:4      | Killed Sigmund
  5046 | D:4      | Reached skill level 1 in Poison Magic
  5046 | D:4      | Reached skill level 1 in Evocations
  5046 | D:4      | Reached XP level 7. HP: 18/38 MP: 13/20
  5104 | D:4      | Found a staircase to the Ecumenical Temple.
  5288 | Temple   | Entered the Ecumenical Temple
  5333 | Temple   | Became a worshipper of Vehumet
  5366 | D:4      | Learned a level 6 spell: Starburst
  5373 | D:4      | Found a shimmering altar of Xom.
  5734 | D:5      | Entered Level 5 of the Dungeon
  5734 | D:5      | Noticed Edmund
  5744 | D:5      | Killed Edmund
  5745 | D:5      | Reached skill level 8 in Spellcasting
  5745 | D:5      | Noticed Eustachio
  6041 | D:5      | Killed Eustachio
  6042 | D:5      | Reached XP level 8. HP: 44/44 MP: 19/22
  6329 | D:5      | Reached skill level 9 in Spellcasting
  6701 | D:5      | Reached * piety under Vehumet
  6701 | D:5      | Offered knowledge of Foxfire by Vehumet.
  6704 | D:5      | Learned a level 1 spell: Foxfire
  6854 | D:5      | Reached skill level 5 in Conjurations
  7001 | D:5      | Noticed Grinder
  7015 | D:5      | Killed Grinder
  7016 | D:5      | Reached skill level 10 in Spellcasting
  7429 | D:6      | Identified the +5 spear "Desaan" {vorpal, Drain Fragile
                  | rC+++ Int+3}
  7663 | D:6      | Reached XP level 9. HP: 50/50 MP: 25/25
  7780 | D:6      | You fall into a shaft and drop 1 floor!
  8401 | D:6      | Reached skill level 11 in Spellcasting
  9175 | D:7      | Reached ** piety under Vehumet
  9176 | D:7      | Reached skill level 5 in Fire Magic
  9194 | D:7      | Identified the amulet "Bydafirgh" {RegenMP Dex+3}
  9202 | D:7      | Offered knowledge of Scorch by Vehumet.
  9929 | D:8      | Found a staircase to the Lair.
 10307 | D:9      | Upgraded the game from 0.28-a0-691-gad6df49e81 to
                  | 0.28-a0-697-g47f3eba078
 10395 | D:9      | Reached skill level 12 in Spellcasting
 10487 | D:9      | Identified the +9 shortbow of Agony {freeze, rN+}
 10588 | D:9      | Noticed a two-headed ogre
 10606 | D:9      | Killed a two-headed ogre
 10607 | D:9      | Reached XP level 10. HP: 56/56 MP: 26/28
 11055 | D:8      | Identified the +7 mace of Saltpetre {spect, rElec MP+9}
 11211 | D:8      | Reached skill level 1 in Shields
 11211 | D:8      | Reached skill level 13 in Spellcasting
 11635 | D:9      | Offered knowledge of Stone Arrow by Vehumet.
 11645 | D:9      | Learned a level 3 spell: Stone Arrow
 11730 | D:9      | Identified the +1 ring mail of Inquiry {rElec rF- Str-5
                  | Dex+9}
 12017 | D:9      | Reached skill level 1 in Earth Magic
 12093 | D:9      | Reached *** piety under Vehumet
 12177 | D:10     | Entered Level 10 of the Dungeon
 12728 | D:10     | Noticed a gargoyle
 12732 | D:10     | Killed a gargoyle
 12732 | D:10     | Offered knowledge of Hailstorm by Vehumet.
 13215 | D:11     | Reached skill level 14 in Spellcasting
 13293 | D:11     | Found a staircase to the Orcish Mines.
 13295 | D:11     | Noticed an orc knight
 13349 | D:11     | Noticed a six-headed hydra
 13355 | D:11     | Killed a six-headed hydra
 13356 | D:11     | Reached XP level 11. HP: 60/60 MP: 29/31
 13356 | D:11     | Killed an orc knight
 13371 | D:11     | Found a frozen archway.
 13403 | IceCv    | Entered an ice cave
 13416 | IceCv    | Noticed a death yak
 13422 | IceCv    | Reached **** piety under Vehumet
 13425 | IceCv    | Killed a death yak
 13466 | IceCv    | Reached skill level 15 in Spellcasting
 13563 | IceCv    | Offered knowledge of Sticky Flame by Vehumet.
 13584 | IceCv    | Noticed a death yak
 13591 | IceCv    | Killed a death yak
 13608 | IceCv    | Noticed a death yak
 13617 | IceCv    | Noticed a death yak
 13620 | IceCv    | Killed a death yak
 13628 | IceCv    | Killed a death yak
 13722 | IceCv    | Noticed a frost giant
 13722 | IceCv    | Noticed a death yak
 13725 | IceCv    | Reached skill level 16 in Spellcasting
 13729 | IceCv    | Killed a frost giant
 13730 | IceCv    | Reached XP level 12. HP: 66/66 MP: 32/34
 13731 | IceCv    | Killed a death yak
 13868 | IceCv    | Learned a level 5 spell: Freezing Cloud
 14155 | D:11     | Reached skill level 1 in Ice Magic
 14424 | D:11     | Found a bloodstained altar of Trog.
 14544 | D:11     | Noticed a boulder beetle
 14552 | D:11     | Killed a boulder beetle
 14553 | D:11     | Reached skill level 10 in Conjurations
 14653 | D:11     | You fall into a shaft and drop 3 floors!
 14660 | D:14     | Reached skill level 17 in Spellcasting
 14724 | D:14     | Noticed a centaur warrior
 14729 | D:14     | Killed a centaur warrior
 14777 | D:13     | Noticed a four-headed hydra
 14786 | D:13     | Killed a four-headed hydra
 14868 | D:12     | HP: 3/66 [meliai zombie (7)]
 14868 | D:12     | Annihilated by a very large slime creature

Illustrated notes

Levels and vault maps discovered:
D:1:      ncdulo_watergridlock, layout_basic, minmay_tetromino_i4
D:2:      layout_basic
D:3:      layout_basic, shapermc_ecumenical_altar_gd,
          minmay_randomly_rotated_circles
D:4:      layout_loops_corners, dk_xom_monty_hall, minmay_temple_entry_waves,
          minivault_14, minmay_pentomino_pile, uniq_sigmund
D:5:      layout_basic, chequers_serial_rivers_micro_b, eino_curves_02,
          uniq_edmund, uniq_eustachio, uniq_grinder
D:6:      layout_layer_cave
D:7:      layout_loops_ring, kennysheep_nondescript, lightli_minifort
D:8:      layout_basic, lair_entry_dummy
D:9:      layout_roguey
D:10:     layout_loops_ring
D:11:     layout_roguey, david_orc_5, portal_ice_cave_rime,
          trog_three_pillars_becter
D:12:     layout_loops_ring, serial_undead, serial_undead_a, serial_undead_e,
          serial_undead_c, serial_undead_f, serial_undead_d, serial_undead_a,
          eino_jars
D:13:     layout_small_grid, erik_vaults_1
D:14:     layout_long_grid, serial_shops, nicolae_shop_stone,
          nrook_pool_corridor, nicolae_yredelemnul_corpse_copse, uniq_josephine
Temple:   compressed_dpeg_triangle_lava_temple

Skill      XL: |  1  2  3  4  5  6  7  8  9 10 11 12 |
---------------+-------------------------------------+-----
Spellcasting   | 5 6 7 8 10 12 14 16 17 | 17.6
Fighting       | 1 3 4 |  4.0
Armour         | 1 3 4 |  4.4
Conjurations   | 2 3 4 5 7 8 9 10 | 10.5
Fire Magic     | 1 2 4 5 7 8 9 |  9.8
Dodging        | 3 |  3.2
Air Magic      | 1 |  1.1
Necromancy     | 1 |  1.1
Stealth        | 3 |  3.0
Poison Magic   | 1 2 |  2.0
Evocations     | 1 2 |  2.1
Shields        | 2 4 |  4.0
Earth Magic    | 3 4 |  4.2
Ice Magic      | 1 |  1.0
Summonings     | |  1.1
Translocations | |  1.1

Action                   |  1- 3 |  4- 6 |  7- 9 | 10-12 || total
-------------------------+-------+-------+-------+-------++-------
Melee: Mace              |     1 |     5 |       |    28 ||    34
       Staff             |       |     3 |       |       ||     3
       Whip              |       |     2 |    87 |    20 ||   109
 Cast: Magic Dart        |    76 |   109 |    78 |    24 ||   287
       Call Imp          |     3 |     2 |     1 |     1 ||     7
       Conjure Flame     |     1 |     2 |    23 |    10 ||    36
       Mephitic Cloud    |       |     4 |    22 |    13 ||    39
       Blink             |       |     1 |       |     4 ||     5
       Foxfire           |       |       |   119 |    59 ||   178
       Stone Arrow       |       |       |       |    47 ||    47
       Starburst         |       |       |       |    59 ||    59
       Freezing Cloud    |       |       |       |     3 ||     3
  Use: Scroll            |       |       |       |     9 ||     9
 Stab: Confused          |       |       |     8 |     4 ||    12
Armor: Robe              |     1 |     3 |       |       ||     4
       Leather armour    |       |     5 |    25 |    21 ||    51
       Troll leather arm |       |       |       |    31 ||    31
Dodge: Dodged            |    15 |    28 |    54 |    76 ||   173
Block: Buckler           |       |       |       |    12 ||    12

Table legend: (Time is in decaauts)
 A = Elapsed time spent in this place.
 B = Non-inter-level travel time spent in this place.
 C = Inter-level travel time spent in this place.
 D = Time resting spent in this place.
 E = Time spent auto-exploring this place.
 F = Levels seen in this place.
 G = Mean time per level.
                   A        B        C        D        E       F      G
               +--------+--------+--------+--------+--------+-----+--------+
         Total |  14909 |  13859 |   1050 |   1056 |  10498 |  16 |  931.8 |
       Dungeon |  14082 |  13043 |   1039 |    926 |  10094 |  14 | 1005.9 |
        Temple |    100 |     89 |     11 |      0 |     36 |   1 |  100.0 |
      Ice Cave |    726 |    726 |      0 |    130 |    368 |   1 |  726.0 |
               +--------+--------+--------+--------+--------+-----+--------+

Top non-repeatable levels by time:
     D:4: 2537 daAuts
     D:8: 1457 daAuts
     D:5: 1400 daAuts
     D:6: 1365 daAuts
     D:3: 1227 daAuts
     D:2: 1177 daAuts
     D:7: 1101 daAuts
     D:1: 1076 daAuts
     D:9: 1013 daAuts
    D:10: 785 daAuts
   IceCv: 726 daAuts
    D:11: 725 daAuts
    D:14: 102 daAuts
  Temple: 100 daAuts
    D:13: 92 daAuts
